 Dungeon Sprint DCSS version 0.27-a0-819-g058290f16d (webtiles) character file.

Game seed: 3743845410655551560

12061 rocky1 the Sage (level 11, -10/133 HPs)
             Began as a Demonspawn Ice Elementalist on Mar 30, 2021.
             Was a High Priest of Sif Muna.
             Mangled by an earth elemental (21 damage)
             ... in the Dungeon (Sprint VII: "The Pits").
             The game lasted 00:22:16 (2955 turns).

rocky1 the Sage (Demonspawn Ice Elementalist)       Turns: 2955, Time: 00:22:17

Health: -10/133    AC: 15    Str:  9    XL:     11   Next: 57%
Magic:  25/25      EV: 20    Int: 20    God:    Sif Muna [*****.]
Gold:   0          SH:  0    Dex: 13    Spells: 3/31 levels left

rFire    . . .     SeeInvis .   m - +2 trident (vorpal)
rCold    . . .     Faith    .   (no shield)
rNeg     . . .     Spirit   .   a - +0 robe
rPois    .         Reflect  .   s - +0 helmet
rElec    .         Harm     .   (no cloak)
rCorr    .         Rampage  .   (no gloves)
Will     .....     NoTele   +   (no boots)
Stlth    ..........             (no amulet)
HPRegen  0.32/turn              (no ring)
MPRegen  0.19/turn              (no ring)

@: agile, berserking, ice-armoured, very quick
A: claws 1, thin metallic scales 1, ignite blood 1, powered by pain 1
a: Renounce Religion, Channel Magic, Forget Spell, Divine Exegesis


You were in the Dungeon.
You worshipped Sif Muna.
Sif Muna was extremely pleased with you.
You visited 1 branch

Inventory:

Hand Weapons
 k - a +2 mace
 l - a +2 vorpal mace
 m - a +2 vorpal trident (weapon)
 t - a +0 lajatang
 u - a +2 dire flail of protection
 v - a +2 vorpal scimitar
 w - a +2 vorpal halberd
Armour
 a - a +0 robe (worn)
 s - a +0 helmet (worn)
Jewellery
 n - a +3 ring of protection
 o - a +3 ring of dexterity
Scrolls
 i - 5 scrolls of amnesia
 j - a scroll of summoning
Potions
 b - 2 potions of invisibility
 c - 5 potions of curing
 d - 3 potions of heal wounds
 e - 2 potions of haste
 f - 4 potions of magic
 p - a potion of brilliance
 q - a potion of might
 r - a potion of resistance


   Skills:
 + Level 9.2 Fighting
 + Level 8.6 Polearms
 + Level 3.7 Armour
 + Level 8.8 Dodging
 - Level 1.7 Stealth
 - Level 10.5 Spellcasting
 + Level 10.3 Conjurations
 - Level 7.9 Necromancy
 - Level 13.3 Ice Magic
 - Level 13.8 Invocations


You had 3 spell levels left.
You knew the following spells:

 Your Spells              Type           Power      Damage    Failure   Level
a - Freeze                Ice            100%       1d11      1%          1
b - Frozen Ramparts       Ice            100%       1d12      1%          3
c - Ozocubu's Armour      Ice            59%        N/A       1%          3
d - Hailstorm             Conj/Ice       55%        3d12      1%          4
e - Simulacrum            Ice/Necr       26%        N/A       13%         6
f - Dispel Undead         Necr           42%        3d17      2%          4
g - Orb of Destruction    Conj           25%        9d10      61%         7

Your spell library contained the following spells:

 Spells                   Type           Power      Damage    Failure   Level
 Animate Skeleton         Necr           84%        N/A       1%          1
 Foxfire                  Conj/Fire      100%       2x1d9     1%          1
 Magic Dart               Conj           100%       1d8       1%          1
 Ensorcelled Hibernation  Hex/Ice        74%        N/A       1%          2
 Searing Ray              Conj           100%       3d7       1%          2
 Vampiric Draining        Necr           21%        2d9       1%          3
 Dazzling Flash           Conj/Hex       62%        N/A       2%          3
 Static Discharge         Conj/Air       31%        N/A       2%          3
 Apportation              Tloc           20%        N/A       7%          1
 Beastly Appendage        Tmut           20%        N/A       7%          1
 Corona                   Hex            11%        N/A       7%          1
 Sandblast                Erth           20%        2d7       7%          1
 Summon Small Mammal      Summ           40%        N/A       7%          1
 Wereblood                Tmut           10%        N/A       10%         2
 Spider Form              Tmut/Pois      5%         N/A       21%         3
 Ice Form                 Ice/Tmut       37%        N/A       4%          4
 Summon Ice Beast         Ice/Summ       37%        N/A       4%          4
 Excruciating Wounds      Necr           21%        N/A       7%          5
 Iskenderun's Mystic Bla  Conj/Tloc      31%        2d8       8%          4
 Sticky Flame             Conj/Fire      31%        2d5       8%          4
 Fireball                 Conj/Fire      15%        3d8       22%         5
 Irradiate                Conj/Tmut      15%        3d18      22%         5
 Lightning Bolt           Conj/Air       15%        1d29      22%         5
 Borgnjor's Vile Clutch   Necr/Erth      13%        N/A       36%         5
 Death Channel            Necr           21%        N/A       36%         6
 Bolt of Magma            Conj/Fire/Erth 12%        4d8       41%         5
 Animate Armour           Summ/Erth      20%        N/A       54%         4
 Blade Hands              Tmut           5%         N/A       88%         5
 Silence                  Hex/Air        5%         N/A       88%         5
 Shadow Creatures         Summ           N/A        N/A       100%        6


Dungeon Overview and Level Annotations

Branches:
Dungeon (1/1)

Altars:
Ashenzari
Cheibriados
Dithmenos
Elyvilon
Fedhas
Gozag
Hepliaklqana
Kikubaaqudgha
Makhleb
Nemelex Xobeh
Okawaru
Qazlal
Ru
Sif Muna
Trog
Uskayaw
Vehumet
Wu Jian
Xom
Yredelemnul
Zin
The Shining One
Beogh
Jiyva
Lugonu


Innate Abilities, Weirdness & Mutations

You have sharp fingernails.
You are partially covered in thin metallic scales. (AC +2)
Your demonic aura sometimes causes spilled blood to erupt in flames You sometimes gain a little power by taking damage.


Message History

You puncture the earth elemental!
The earth elemental is moderately damaged.
The earth elemental completely resists.
The wall freezes the earth elemental but does no damage.
The earth elemental hits you!
You hit the earth elemental but do no damage.
The earth elemental is moderately damaged.
You hit the earth elemental but do no damage.
The earth elemental is moderately damaged.
The earth elemental completely resists.
The wall freezes the earth elemental but does no damage.
The earth elemental misses you.
You hit the earth elemental.
The earth elemental is moderately damaged.
You barely miss the earth elemental.
The earth elemental is moderately damaged.
The earth elemental completely resists.
The wall freezes the earth elemental but does no damage.
The earth elemental hits you!!
* * * LOW HITPOINT WARNING * * *
You hit the earth elemental but do no damage.
The earth elemental is moderately damaged.
You hit the earth elemental but do no damage.
The earth elemental is moderately damaged.
The frozen ramparts melt away.
The earth elemental closely misses you.
A red film seems to cover your vision as you go berserk!
You feel yourself moving faster!
You feel mighty!
You hit the earth elemental but do no damage.
The earth elemental is moderately damaged.
The earth elemental hits you!!
* * * LOW HITPOINT WARNING * * *
You focus on the pain.
You feel your power returning.
You puncture the earth elemental!
The earth elemental is severely damaged.
You hit the earth elemental.
The earth elemental is severely damaged.
You hit the earth elemental but do no damage.
The earth elemental is severely damaged.
The earth elemental hits you!!
You die...

##''######
##''################ ###
##..#..............# #..# y
##..##..............#..# y#
##..####...#+######...# ...
##..#..#####.##...##'## y#.#
##..#....##...#...#...# .....
##..'.....#..[#...#...#......
##..'.....+...'.@E)...'......
##..'.....#.))#...#...#....V.
##..#....##.))#...#...# o....
##..#..#####)##...##'## .#H#
##..####...#+######.).##


goo ##..##.....(†)......#..# o# ##..#..............###..# . ####################
#### You could see an earth elemental.

Vanquished Creatures
  Frances (D)
  A vampire knight (D)
  A boulder beetle (D)
  A death yak (D)
  A deep troll (D)
  A flayed ghost (D)
  2 lindwurms (D)
  A manticore (D)
  A cyclops (D)
  An elephant (D)
  A black mamba (D)
  A smoke demon (D)
  A molten gargoyle (D)
  An unseen horror (D)
  A cane toad (D)
  A jumping spider (D)
  A tyrant leech (D)
  6 dream sheep (D)
  A hornet (D)
  2 redbacks (D)
  A wraith (D)
  A small abomination (D)
  A warg (D)
  A floating eye (D)
  2 orc warriors (D)
  2 ogres (D)
  A wolf (D)
  A centaur (D)
  2 kobold brigands (D)
  6 killer bees (D)
  A crimson imp (D)
  5 orc priests (D)
  4 orc wizards (D)
  3 mummies (D)
  A river rat (D)
  2 ufetubi (D)
  11 orcs (D)
  A hobgoblin (D)
  A quokka (D)
  2 ball python skeletons (D)
  A ball python zombie (D)
  2 bats (D)
  A frilled lizard (D)
  A rat (D)
81 creatures vanquished.

Vanquished Creatures (others)
  A swamp drake (D)
1 creature vanquished.

Grand Total: 82 creatures vanquished

Notes
Turn   | Place    | Note
-------+----------+-------------------------------------------
     0 | D        | rocky1 the Demonspawn Ice Elementalist began the quest for
                  | the Orb.
     0 | D        | Reached XP level 1. HP: 13/13 MP: 3/3
    44 | D        | Found a bloodstained altar of Trog.
    44 | D        | Found a shimmering blue altar of Sif Muna.
    44 | D        | Found a viscous altar of Jiyva.
    44 | D        | Found a hazy altar of Hepliaklqana.
    44 | D        | Found an opulent altar of Gozag.
    45 | D        | Found a basalt altar of Yredelemnul.
    45 | D        | Found a shimmering altar of Xom.
    45 | D        | Found an ornate altar of the Wu Jian Council.
    45 | D        | Found a sacrificial altar of Ru.
    45 | D        | Found a stormy altar of Qazlal.
    45 | D        | Found an iron altar of Okawaru.
    45 | D        | Found a sparkling altar of Nemelex Xobeh.
    45 | D        | Found a burning altar of Makhleb.
    45 | D        | Found a blossoming altar of Fedhas.
    45 | D        | Found a shadowy altar of Dithmenos.
    45 | D        | Found a snail-covered altar of Cheibriados.
    47 | D        | Found a radiant altar of Vehumet.
    47 | D        | Found a corrupted altar of Lugonu.
    48 | D        | Found a hide-covered altar of Uskayaw.
    48 | D        | Found an ancient bone altar of Kikubaaqudgha.
    48 | D        | Found a broken altar of Ashenzari.
    50 | D        | Became a worshipper of Sif Muna the Loreminder
    74 | D        | Noticed a floating eye
    76 | D        | Paralysed by a floating eye for 3 turns
    79 | D        | Reached * piety under Sif Muna
    83 | D        | Killed a floating eye
    84 | D        | Gained mutation: You are partially covered in thin metallic
                  | scales. (AC +2) [demonic ancestry]
    84 | D        | Reached XP level 2. HP: 15/19 MP: 5/5
    84 | D        | Reached XP level 3. HP: 19/24 MP: 6/6
    84 | D        | Reached XP level 4. HP: 24/30 MP: 7/7
   148 | D        | Learned a level 3 spell: Frozen Ramparts
   152 | D        | Learned a level 3 spell: Ozocubu's Armour
   156 | D        | Noticed a warg
   168 | D        | Killed a warg
   169 | D        | Reached skill level 5 in Invocations
   169 | D        | Reached XP level 5. HP: 35/35 MP: 1/11
   262 | D        | Reached ** piety under Sif Muna
   529 | D        | Learned a level 4 spell: Hailstorm
   543 | D        | Noticed an orc warrior
   543 | D        | Noticed a wolf
   553 | D        | Killed a wolf
   553 | D        | Reached *** piety under Sif Muna
   554 | D        | Reached skill level 5 in Spellcasting
   554 | D        | Reached skill level 10 in Ice Magic
   554 | D        | Gained mutation: Your demonic aura sometimes causes spilled
                  | blood to erupt in flames [demonic ancestry]
   554 | D        | Reached XP level 6. HP: 41/41 MP: 5/13
   556 | D        | Killed an orc warrior
   566 | D        | Reached XP level 7. HP: 39/46 MP: 1/16
   567 | D        | Reached **** piety under Sif Muna
   726 | D        | Reached ***** piety under Sif Muna
   726 | D        | Received a gift from Sif Muna
   763 | D        | Noticed a cyclops
   769 | D        | Killed a cyclops
   770 | D        | Reached skill level 10 in Invocations
   875 | D        | Reached XP level 8. HP: 53/53 MP: 15/19
   878 | D        | Reached skill level 1 in Fighting
   878 | D        | Reached skill level 1 in Polearms
   915 | D        | Noticed an elephant
   922 | D        | Identified Rajeb's Tome of Ashen Ice (Sif Muna gifted it to
                  | you in the Dungeon)
   922 | D        | Received a gift from Sif Muna
   928 | D        | Killed an elephant
   948 | D        | Learned a level 6 spell: Simulacrum
  1400 | D        | Noticed a tyrant leech
  1436 | D        | Killed a tyrant leech
  1437 | D        | Reached skill level 1 in Necromancy
  1442 | D        | Gained mutation: You sometimes gain a little power by
                  | taking damage. [demonic ancestry]
  1442 | D        | Reached XP level 9. HP: 16/65 MP: 16/21
  1716 | D        | Noticed a deep troll
  1716 | D        | Noticed a cane toad
  1721 | D        | Killed a cane toad
  1727 | D        | Killed a deep troll
  1837 | D        | Identified Sif Muna's Volume of Evil Rites and Arcane
                  | Weapons (Sif Muna gifted it to you in the Dungeon)
  1837 | D        | Received a gift from Sif Muna
  1838 | D        | Reached skill level 5 in Fighting
  1838 | D        | Reached skill level 5 in Dodging
  1845 | D        | Learned a level 4 spell: Dispel Undead
  1856 | D        | Noticed a boulder beetle
  1860 | D        | Reached skill level 5 in Polearms
  1865 | D        | Reached XP level 10. HP: 63/76 MP: 16/23
  1867 | D        | Reached skill level 5 in Necromancy
  1875 | D        | Killed a boulder beetle
  1883 | D        | Identified Sif Muna's Handbook of Arcane Weapons (Sif Muna
                  | gifted it to you in the Dungeon)
  1883 | D        | Received a gift from Sif Muna
  1884 | D        | Noticed a flayed ghost
  1895 | D        | Killed a flayed ghost
  2198 | D        | Noticed Frances
  2206 | D        | Noticed a soul eater
  2207 | D        | Noticed a lindwurm
  2207 | D        | Noticed an orange demon
  2214 | D        | Noticed an orange demon
  2215 | D        | Killed Frances
  2216 | D        | Reached skill level 10 in Spellcasting
  2219 | D        | Killed a lindwurm
  2220 | D        | Gained mutation: You have sharp fingernails. [demonic
                  | ancestry]
  2220 | D        | Reached XP level 11. HP: 73/84 MP: 20/25
  2491 | D        | Noticed a lindwurm
  2501 | D        | Identified Sif Muna's Papyrus of Harmful Unholy Rituals
                  | (Sif Muna gifted it to you in the Dungeon)
  2501 | D        | Received a gift from Sif Muna
  2513 | D        | Killed a lindwurm
  2514 | D        | Reached skill level 10 in Conjurations
  2592 | D        | Reached ****** piety under Sif Muna
  2654 | D        | Noticed a death yak
  2654 | D        | Noticed a vampire knight
  2670 | D        | Received a gift from Sif Muna
  2679 | D        | Killed a death yak
  2680 | D        | Reached skill level 1 in Armour
  2688 | D        | Identified Sif Muna's Volume of Lethal Fire (Sif Muna
                  | gifted it to you in the Dungeon)
  2688 | D        | Received a gift from Sif Muna
  2723 | D        | Killed a vampire knight
  2732 | D        | Learned a level 7 spell: Orb of Destruction
  2955 | D        | Mangled by an earth elemental

Illustrated notes

Levels and vault maps discovered:
D:        pitsprint [storerooms_1, entrance_room_1, metal_vault_1, armoury_1,
          mini_pit_1, grid_room_1, main_hall_1, silver_pit, the_coven_1,
          the_vestibule_1, steel_vault_1, golden_pit, hallway_of_sentries,
          crystal_vault_1, iron_vault_1, final_vault]

Skill      XL: |  1  2  3  4  5  6  7  8  9 10 11 |
---------------+----------------------------------+-----
Ice Magic      | 9 10 11 12 13 | 13.3
Spellcasting   | 4 5 6 7 8 9 10 | 10.5
Invocations    | 5 6 8 10 11 12 13 | 13.8
Conjurations   | 2 4 6 7 8 9 10 | 10.3
Dodging        | 2 4 5 7 8 |  8.8
Fighting       | 3 5 7 9 |  9.2
Polearms       | 3 5 7 8 |  8.6
Necromancy     | 1 4 7 |  7.9
Armour         | 3 |  3.7
Stealth        | |  1.7

Action                   |  1- 3 |  4- 6 |  7- 9 | 10-12 || total
-------------------------+-------+-------+-------+-------++-------
Melee: Mace              |     8 |    23 |       |       ||    31
       Unarmed           |     1 |       |       |       ||     1
       Trident           |       |     9 |    47 |    86 ||   142
 Cast: Frozen Ramparts   |       |     4 |     8 |     9 ||    21
       Ozocubu's Armour  |       |     4 |     8 |     7 ||    19
       Freeze            |       |       |     3 |     4 ||     7
       Hailstorm         |       |       |     1 |     9 ||    10
       Dispel Undead     |       |       |       |     2 ||     2
       Orb of Destructio |       |       |       |     2 ||     2
Invok: Divine Exegesis   |       |       |       |     2 ||     2
       Channel Magic     |       |       |       |     1 ||     1
  Use: Potion            |       |       |     5 |     8 ||    13
       Scroll            |       |       |       |     1 ||     1
 Stab: Sleeping          |     2 |     1 |       |     2 ||     5
Armor: Robe              |     1 |    19 |    11 |    26 ||    57
Dodge: Dodged            |     4 |    38 |    29 |    61 ||   132

Table legend: (Time is in decaauts)
 A = Elapsed time spent in this place.
 B = Non-inter-level travel time spent in this place.
 C = Inter-level travel time spent in this place.
 D = Time resting spent in this place.
 E = Time spent auto-exploring this place.
 F = Levels seen in this place.
 G = Mean time per level.
                   A        B        C        D        E       F      G
               +--------+--------+--------+--------+--------+-----+--------+
         Total |   3002 |   2809 |    193 |   1963 |      0 |   1 | 3002.0 |
       Dungeon |   3002 |   2809 |    193 |   1963 |      0 |   1 | 3002.0 |
               +--------+--------+--------+--------+--------+-----+--------+

Top non-repeatable levels by time:
       D: 3002 daAuts
